 Dungeon Crawl Stone Soup version 0.31.0-32-g396128a36d (webtiles) character file.

Game seed: 17787430122968993446

3207 Peloso the Protected (level 9, 0/79 HPs)
             Began as a Minotaur Fighter on Apr 18, 2024.
             Slain by a kobold demonologist
             ... wielding a +0 dagger
              (4 damage)
             ... on level 8 of the Dungeon.
             The game lasted 00:12:51 (7059 turns).

Peloso the Protected (Minotaur Fighter)             Turns: 7059, Time: 00:12:52

Health: 0/79       AC: -9    Str: 22    XL:     9   Next: 65%
Magic:  8/8        EV:  7    Int:  5    God:
Gold:   329        SH:  6    Dex: 13    Spells: 8/8 levels left

rFire   . . .        a - +1 falchion "Bul Pyema" {heavy, rN+}
rCold   . . .        d - +0 buckler
rNeg    + . .        q - +0 plate armour
rPois   .            (helmet restricted)
rElec   .            (no cloak)
rCorr   .            (no gloves)
SInv    .            (no boots)
Will    +....        (no amulet) Stlth
                     u - ring of willpower
HPRegen 0.33/turn    (no ring)
MPRegen 0.11/turn

%: no passive effects
@: corroded, studying Fire Magic
A: horns 2, retaliatory headbutt
a: no special abilities


You were on level 8 of the Dungeon.
You visited 1 branch of the dungeon, and saw 8 of its levels.

You collected 329 gold pieces.

Inventory:

Hand Weapons
 a - the +1 falchion "Bul Pyema" (weapon) {heavy, rN+}
   (You found it on level 7 of the Dungeon)

   rN+:       It protects you from negative energy.
 b - a +0 long sword
 c - a +1 whip of flaming
Armour
 d - a +0 buckler (worn)
 q - a +0 plate armour (worn)
Jewellery
 f - a ring of ice
 u - a ring of willpower (left hand)
Talismans
 v - a flux talisman
 w - a talisman of death
Wands
 h - a wand of light (11)
 n - a wand of polymorph (14)
 p - a wand of paralysis (7)
Scrolls
 i - a scroll of immolation
 j - a scroll of enchant armour
 k - 6 scrolls of teleportation
 o - a scroll of acquirement {unknown}
 r - a scroll of blinking {unknown}
 s - a scroll of enchant weapon {unknown}
 x - a scroll of revelation
Potions
 e - a potion of ambrosia
 g - a potion of magic {unknown}
 l - a potion of might
 t - a potion of resistance {unknown}


   Skills:
 + Level 7.6 Fighting
 + Level 9.3 Long Blades
 + Level 9.4 Armour
 + Level 2.9 Dodging
 + Level 1.6 Stealth
 + Level 7.7 Shields
 + Level 0.2 Evocations


You had 8 spell levels left.
You didn't know any spells.
Your spell library contained the following spells:

 Spells                   Type           Power      Damage    Failure   Level
 Magic Dart               Conj           0%         1d3       100%        1
 Cigotuvi's Dreadful Rot  Necr/Alch/Air  0%         N/A       100%        2
 Ensorcelled Hibernation  Hex/Ice        0%         N/A       100%        2
 Searing Ray              Conj           0%         2d4       100%        2
 Call Canine Familiar     Summ           0%         N/A       100%        3
 Fugue of the Fallen      Necr           0%         N/A       100%        3
 Sigil of Binding         Hex            0%         N/A       100%        3
 Anguish                  Hex/Necr       0%         N/A       100%        4
 Dimensional Bullseye     Hex/Tloc       0%         N/A       100%        4
 Fulminant Prism          Conj/Alch      0%         3d5       100%        4
 Ignite Poison            Fire/Alch      0%         N/A       100%        4
 Vhi's Electric Charge    Tloc/Air       0%         N/A       100%        4
 Arcjolt                  Conj/Air       0%         1d10      100%        5
 Freezing Cloud           Conj/Ice/Air   0%         6-21      100%        5
 Maxwell's Capacitive Co  Air            0%         ∞         100%        8


Dungeon Overview and Level Annotations

Branches:
Dungeon (8/15)
 Temple: D:4-7         Lair: D:8-11

Altars:
Ru
Wu Jian

Shops:
D:1 (   D:2 :

Annotations:
D:3 3 runed translucent doors, CapUranus's ghost, amateur HOFi


Innate Abilities, Weirdness & Mutations

You have a pair of horns on your head.
You reflexively headbutt those who attack you in melee.


Message History

The kobold demonologist is severely wounded.
You block the kobold demonologist's attack.
The rust devil hits you. The rust devil corrodes you!
The kobold demonologist hits you with a +0 dagger.
You closely miss the kobold demonologist.
The kobold demonologist is severely wounded.
The rust devil hits you! The rust devil corrodes you!
The kobold demonologist hits you with a +0 dagger.
The rust devil hits you! The rust devil corrodes you!
You closely miss the kobold demonologist.
You headbutt the kobold demonologist, but do no damage.
The kobold demonologist is severely wounded.
The kobold demonologist hits you with a +0 dagger.
The rust devil hits you!
* * * LOW HITPOINT WARNING * * *
The rust devil corrodes you!
You hit the kobold demonologist but do no damage.
The kobold demonologist is severely wounded.
The kobold demonologist casts a spell.
You block the rust devil's attack.
Unknown command.
You barely miss the kobold demonologist.
The kobold demonologist is severely wounded.
The kobold demonologist hits you with a +0 dagger!
* * * LOW HITPOINT WARNING * * *
You block the rust devil's attack.
The kobold demonologist casts a spell.
Unknown command.
You feel better. The rust devil hits you!
* * * LOW HITPOINT WARNING * * *
The rust devil corrodes you!
The kobold demonologist casts a spell.
You miss the kobold demonologist.
You headbutt the kobold demonologist, but do no damage.
The kobold demonologist is severely wounded.
The rust devil hits you.
* * * LOW HITPOINT WARNING * * *
The rust devil corrodes you!
The kobold demonologist hits you with a +0 dagger.
You die...

..........#
..........#
..........#
.K4?......#
#......#########
##.....##.......##
....####.⌠##'##⌠.#
...F#### ##...##4#
....##.# #.⌠.⌠.#@#
.......# #..<..#K#
....F..# #.⌠)⌠.#K#
.##....#.##...##5#
###..F.#.⌠#####K5#
.......##.......##
........####'####
.........##..#
.........K4.##


You could see a rust devil (summoned), a kobold demonologist, a kobold brigand,
a quasit (summoned), a shadow imp (summoned) and a kobold.

Vanquished Creatures
  Pikel (D:7)
  Sigmund (D:5)
  2 wyverns (D:7)
  3 water moccasins
  Duvessa (D:5)
  2 ice beasts
  An orc warrior (D:7)
  A kobold brigand (D:7)
  Blork the orc (D:4)
  3 bullfrogs
  3 scorpions
  3 wights (D:8)
  Dowan (D:4)
  An electric eel (D:7)
  A howler monkey (D:6)
  8 crimson imps (D:7)
  2 hounds (D:6)
  A bombardier beetle (D:7)
  An iguana (D:5)
  4 orc wizards
  Terence (D:3)
  8 adders
  7 gnolls
  A shadow imp (D:5)
  3 white imps
  2 ufetubi (D:5)
  2 ribbon worms (D:2)
  2 dart slugs
  17 orcs
  6 ball pythons
  5 bats
  7 endoplasms
  4 giant cockroaches
  6 hobgoblins
  3 jackals (D:3)
  A quokka (D:1)
  4 frilled lizards
  6 goblins
  15 kobolds
  6 rats
147 creatures vanquished.

Notes
Turn   | Place    | Note
-------+----------+-------------------------------------------
     0 | D:1      | Peloso the Minotaur Fighter began the quest for the Orb.
     0 | D:1      | Reached XP level 1. HP: 19/19 MP: 0/0
    85 | D:1      | Reached XP level 2. HP: 23/27 MP: 1/1
   654 | D:1      | Found Zaumm's Weapon Shop.
   901 | D:2      | Reached XP level 3. HP: 33/33 MP: 2/2
  1186 | D:2      | Found Sewu's Vocational Training.
  1697 | D:3      | Noticed Terence
  2021 | D:3      | Reached XP level 4. HP: 40/40 MP: 3/3
  2152 | D:3      | Noticed CapUranus's ghost (amateur HOFi)
  2153 | D:3      | Found a runed translucent gate.
  2153 | D:3      | Found a runed translucent gate.
  2153 | D:3      | Found a runed translucent gate.
  2365 | D:4      | Reached XP level 5. HP: 45/46 MP: 4/4
  2633 | D:4      | Reached skill level 5 in Armour
  3235 | D:3      | Killed Terence
  3643 | D:3      | Reached XP level 6. HP: 55/55 MP: 5/5
  3876 | D:5      | Entered Level 5 of the Dungeon
  3927 | D:5      | Reached skill level 1 in Dodging
  3927 | D:5      | Noticed Sigmund
  3931 | D:5      | Reached skill level 5 in Fighting
  3931 | D:5      | Reached skill level 5 in Long Blades
  3946 | D:5      | Killed Sigmund
  3947 | D:5      | Reached skill level 5 in Shields
  3947 | D:5      | Reached XP level 7. HP: 39/61 MP: 6/6
  4203 | D:5      | Noticed Duvessa
  4203 | D:5      | Noticed Dowan
  4231 | D:5      | Killed Duvessa
  4238 | D:5      | Noticed Blork the orc
  4537 | D:4      | Killed Blork the orc
  4539 | D:4      | Killed Dowan
  4540 | D:4      | Reached skill level 1 in Stealth
  4920 | D:6      | Reached XP level 8. HP: 19/70 MP: 7/7
  5432 | D:7      | Identified the +1 falchion "Bul Pyema" {heavy, rN+}
  5566 | D:7      | Found a sacrificial altar of Ru.
  5733 | D:7      | Found an ornate altar of the Wu Jian Council.
  6289 | D:7      | Reached XP level 9. HP: 51/78 MP: 8/8
  6575 | D:7      | Noticed Pikel
  6593 | D:7      | Killed Pikel
  7014 | D:8      | Noticed a kobold demonologist
  7048 | D:8      | Noticed a rust devil
  7059 | D:8      | Slain by a kobold demonologist

Illustrated notes

Levels and vault maps discovered:
D:1:      lightli_arrival_lavapool, layout_basic, serial_shops, shop
D:2:      layout_basic, serial_glass, glass_columns_b, glass_columns_a,
          minmay_strange_pillars, nicolae_shop_vocational
D:3:      layout_basic, ebering_ghost_rock_garden, minmay_quadrilaterals,
          uniq_terence
D:4:      layout_loops_ring
D:5:      layout_cave_pools, uniq_blork_the_orc, uniq_duvessa, uniq_sigmund
D:6:      layout_loops_cross, nicolae_temple_entry_ecumenical
D:7:      layout_loops_corners, nicolae_wu_jian_immortal_techniques,
          mainiacjoe_overflow_cross_hatched, serial_bayou_pond_b,
          minmay_nine_imps, uniq_pikel
D:8:      kennysheep_seaside_town, layout_basic, nicolae_elyvilon_temple_path,
          grunt_ministairs_11, uniq_maggie

Skill      XL: |  1  2  3  4  5  6  7  8  9 |
---------------+----------------------------+-----
Armour         | 4 5 6 8 9 |  9.4
Fighting       | 4 5 6 7 |  7.6
Long Blades    | 3 4 5 6 8 9 |  9.3
Shields        | 4 5 6 7 |  7.7
Dodging        | 1 2 |  2.9
Stealth        | 1 |  1.6
Evocations     | |  0.2

Action                     |  1- 3 |  4- 6 |  7- 9 || total
---------------------------+-------+-------+-------++-------
  Melee: Long sword        |    98 |   116 |   116 ||   330
         Headbutt          |    19 |    19 |    54 ||    92
         Unarmed           |     3 |       |       ||     3
         Falchion          |       |       |   137 ||   137
  Evoke: Wand              |       |       |     2 ||     2
    Use: Scroll            |     3 |     2 |     3 ||     8
         Potion            |     3 |       |     2 ||     5
 Armour: Scale mail        |    65 |       |       ||    65
         Chain mail        |    22 |    60 |       ||    82
         Skin              |     2 |       |       ||     2
         Plate armour      |       |    25 |   320 ||   345
  Dodge: Dodged            |    46 |    41 |   100 ||   187
  Block: Buckler           |    28 |    24 |    94 ||   146
